 Dungeon Crawl Stone Soup version 0.26-a0-1025-g006ef2cfcc (webtiles) character file.

Game seed: 10715405985227306089

5681 KristoblXynda the Covert (level 10, -7/51 HPs)
             Began as a Spriggan Berserker on Dec 9, 2020.
             Was a High Priest of Trog.
             Mangled by an orc knight
             ... wielding a +0 war axe
              (35 damage)
             ... in a bailey.
             The game lasted 00:16:29 (10681 turns).

KristoblXynda the Covert (Spriggan Berserker)      Turns: 10681, Time: 00:16:30

Health: -7/51      AC:  5    Str: 13    XL:     10   Next: 47%
Magic:  11/11      EV: 29    Int:  9    God:    Trog [*****.]
Gold:   317        SH:  0    Dex: 19    Spells: 9/9 levels left

rFire    + . .     SeeInvis +   n - +2 dagger (venom)
rCold    + . .     Faith    .   (shield restricted)
rNeg     . . .     Spirit   .   g - +2 robe of Supple Strength {Slay+2}
rPois    +         Reflect  .   (helmet restricted)
rElec    +         Harm     .   r - +0 cloak
rCorr    +         Rampage  .   (gloves unavailable)
Will     +....                  (boots unavailable)
Stlth    +++++.....             (no amulet)
HPRegen  0.17/turn              h - +4 ring of slaying
MPRegen  0.12/turn              t - ring of resist corrosion

@: resistant, very quick
A: very small, unfitting armour, see invisible, speed 3
a: Berserk, Trog's Hand, Brothers in Arms, Renounce Religion


You were in a bailey.
You worshipped Trog.
Trog was extremely pleased with you.
You visited 2 branches of the dungeon, and saw 9 of its levels.
You also visited: Bailey.

You collected 317 gold pieces.

Inventory:

Hand Weapons
 m - a +1 short sword of holy wrath
 n - a +2 dagger of venom (weapon)
 v - a +2 vorpal short sword
Armour
 g - the +2 robe of Supple Strength (worn) {Slay+2}
   (You found it on level 5 of the Dungeon)

   It affects your accuracy and damage with ranged weapons and melee attacks
   (+2).
 r - a +0 cloak (worn)
 w - +0 steam dragon scales
Jewellery
 h - a +4 ring of slaying (left hand)
 t - a ring of resist corrosion (right hand)
 x - an uncursed ring of magical power
Wands
 j - a wand of acid (3)
 y - a wand of disintegration (8)
Scrolls
 a - 6 scrolls of teleportation
 b - a scroll of silence {unknown}
 e - a scroll of fear
 i - 5 scrolls of remove curse
 k - 4 scrolls of fog
 p - a scroll of magic mapping
 u - 2 scrolls of enchant weapon
Potions
 c - 2 potions of lignification
 d - 3 potions of magic
 f - 4 potions of flight
 o - a potion of heal wounds
 z - a potion of might {unknown}
 A - a potion of curing


   Skills:
 - Level 5.0 Fighting
 + Level 9.3 Short Blades
 + Level 11.8 Dodging
 + Level 11.8 Stealth
 + Level 7.5 Evocations


You had 9 spell levels left.
You didn't know any spells.
Your spell library contained the following spells:

 Spells                   Type           Power        Failure   Level
 Animate Skeleton         Necr           #.....       38%         1
 Apportation              Tloc           #.....       38%         1
 Corona                   Hex            #......      38%         1
 Summon Small Mammal      Summ           #...         38%         1
 Ensorcelled Hibernation  Hex/Ice        #.....       52%         2
 Slow                     Hex            #.......     52%         2
 Confusing Touch          Hex            #.......     77%         3
 Dazzling Flash           Conj/Hex       #.....       77%         3
 Inner Flame              Hex/Fire       #.......     77%         3
 Portal Projectile        Hex/Tloc       #.....       77%         3
 Tukima's Dance           Hex            #.......     77%         3
 Cause Fear               Hex            #.........   99%         4
 Leda's Liquefaction      Hex/Erth       #.........   99%         4


Dungeon Overview and Level Annotations

Branches:
Dungeon (8/15)             Temple (1/1) D:7          Bailey (1/1)
   Lair: D:8-11

Altars:
Ashenzari
Cheibriados
Dithmenos
Elyvilon
Fedhas
Gozag
Hepliaklqana
Makhleb
Nemelex Xobeh
Okawaru
Qazlal
Ru
Sif Muna
Trog
Uskayaw
Vehumet
Wu Jian
Xom
Zin
The Shining One

Shops:
D:5 (   D:7 [}}


Innate Abilities, Weirdness & Mutations

You are very small and have problems with some larger weapons.
You are too small for most types of armour.
You have supernaturally acute eyesight. (SInv)
You cover ground extremely quickly.


Message History

The orc knight is moderately wounded.
The bolt of acid misses the orc warrior.
The bolt of acid hits the orc warrior!
The orc warrior is splashed with acid.
The acid corrodes the orc warrior!
You kill the orc warrior!
Trog accepts your kill.
Unknown command.
You hit the orc knight.
The orc knight is heavily wounded.
The orc knight hits you with a +0 war axe!!
You hit the orc knight.
The orc knight looks as sick as possible!
The orc knight is heavily wounded.
The orc no longer looks unusually strong.
You hit the orc knight.
The orc knight looks as sick as possible!
The orc knight is heavily wounded.
The orc knight hits you with a +0 war axe!!
Ouch! That really hurt!
You die...

#...........#.........
#...........#.........
###.).......###........
###.#)#.....###.###.....#
###....)###.###...
###.### ##.........###
.... ###.. #..........8#
..... #...
#.........)8#og.... #...
#∩....⌠....@ogg.... #...
#..........8#o..... #...
#.?........8##..... #...
##.........###..... ###..
###.....###.###...
###.###
###.#'#.....###.###.....#
###.........###.......)
#......)))..#.........
#......))...#.........


You could see an orc knight (strong, extremely poisoned, corroded), an orc
warrior (strong), a gnoll, an orc, a hobgoblin and a goblin.

Vanquished Creatures
  An orc warlord (Bailey)
  Pikel (D:4)
  2 orc knights (Bailey)
  A steam dragon (D:7)
  7 orc warriors (Bailey)
  A phantom (D:7)
  2 ogres
  3 lemures (D:4)
  A centaur (D:5)
  A big kobold (D:4)
  9 bullfrogs
  4 scorpions
  5 wights (D:6)
  2 howler monkeys
  A bullfrog zombie (D:6)
  A quasit (D:8)
  3 centaur skeletons
  A jelly (D:6)
  A bullfrog skeleton (D:6)
  Crazy Yiuf (D:5)
  3 hounds
  An orc priest (D:7)
  5 orc wizards
  2 iguanas
  A worker ant (D:6)
  A killer bee zombie (D:7)
  A hound skeleton (D:4)
  12 gnolls
  6 adders
  An ooze (D:5)
  2 adder zombies
  An adder skeleton (D:6)
  5 worms
  3 dart slugs
  5 leopard geckos
  38 orcs
  4 giant cockroaches
  22 goblins
  23 hobgoblins
  12 jackals
  27 kobolds
  5 quokkas
  3 ball pythons
  5 bats
  9 frilled lizards
  A leopard gecko skeleton (D:4)
  A quokka zombie (D:7)
  9 rats
256 creatures vanquished.

Vanquished Creatures (others)
  A kobold (D:4)
  55 plants (D:4)
  4 toadstools (D:1)
60 creatures vanquished.

Grand Total: 316 creatures vanquished

Notes
Turn   | Place    | Note
-------+----------+-------------------------------------------
     0 | D:1      | KristoblXynda the Spriggan Berserker began the quest for
                  | the Orb.
     0 | D:1      | Reached XP level 1. HP: 11/11 MP: 2/2
   280 | D:1      | Reached skill level 1 in Stealth
   289 | D:1      | Reached XP level 2. HP: 11/16 MP: 3/3
   887 | D:1      | Reached XP level 3. HP: 18/19 MP: 4/4
  1191 | D:2      | Reached ** piety under Trog
  1215 | D:2      | Reached skill level 5 in Dodging
  1704 | D:2      | Reached XP level 4. HP: 23/23 MP: 5/5
  2415 | D:3      | Found an ornate altar of the Wu Jian Council.
  3500 | D:3      | Found a faded altar of an unknown god.
  3540 | D:3      | Noticed an ogre
  3552 | D:3      | Killed an ogre
  3553 | D:3      | Reached XP level 5. HP: 28/28 MP: 6/6
  4105 | D:4      | Noticed a lemure
  4106 | D:4      | Noticed an ogre
  4107 | D:4      | Noticed a lemure
  4110 | D:4      | Noticed a lemure
  4171 | D:4      | Noticed Pikel
  4171 | D:4      | Noticed a lemure
  4354 | D:4      | Reached XP level 6. HP: 17/32 MP: 7/7
  4916 | D:4      | HP: 1/33 [ogre/+0 giant club (17)]
  5224 | D:4      | Reached skill level 5 in Short Blades
  5224 | D:4      | Reached skill level 5 in Stealth
  5513 | D:4      | Killed Pikel
  5514 | D:4      | Reached XP level 7. HP: 38/38 MP: 8/8
  5715 | D:4      | Found a hide-covered altar of Uskayaw.
  5924 | D:4      | Reached XP level 8. HP: 42/42 MP: 9/9
  6344 | D:4      | Found a shimmering blue altar of Sif Muna.
  6712 | D:5      | Entered Level 5 of the Dungeon
  6734 | D:5      | Found a shadowy altar of Dithmenos.
  6748 | D:5      | Got a shimmering robe
  6855 | D:5      | Identified the +2 robe of Supple Strength {Slay+2} (You
                  | found it on level 5 of the Dungeon)
  6875 | D:5      | Reached *** piety under Trog
  7230 | D:5      | Found a snail-covered altar of Cheibriados.
  7230 | D:5      | Found a bloodstained altar of Trog.
  7357 | D:5      | Found Humoqa's Weapon Emporium.
  7399 | D:5      | Found a runed translucent door.
  7400 | D:5      | Noticed Crazy Yiuf
  7907 | D:5      | Killed Crazy Yiuf
  7949 | D:6      | Reached skill level 5 in Fighting
  8223 | D:6      | Reached skill level 1 in Evocations
  8474 | D:6      | Reached **** piety under Trog
  8695 | D:6      | Reached XP level 9. HP: 40/47 MP: 10/10
  9097 | D:7      | Found a staircase to the Ecumenical Temple.
  9125 | Temple   | Entered the Ecumenical Temple
  9193 | D:7      | Found Kocuang's Gadget Shoppe.
  9276 | D:7      | Reached skill level 10 in Dodging
  9366 | D:7      | Found Douzoboc's Gadget Boutique.
  9487 | D:7      | Found Fomox's Armour Shop.
  9748 | D:8      | Found an opulent altar of Gozag.
  9767 | D:8      | Reached skill level 10 in Stealth
  9785 | D:8      | Found a flagged portal.
  9806 | Bailey   | Entered a bailey
  9832 | Bailey   | Reached skill level 5 in Evocations
  9957 | Bailey   | Reached ***** piety under Trog
 10374 | Bailey   | Received a gift from Trog
 10637 | Bailey   | Noticed an orc warlord
 10637 | Bailey   | Noticed an orc knight
 10639 | Bailey   | Noticed an orc knight
 10640 | Bailey   | Noticed an orc knight
 10669 | Bailey   | Killed an orc warlord
 10670 | Bailey   | Reached XP level 10. HP: 51/51 MP: 11/11
 10672 | Bailey   | Killed an orc knight
 10673 | Bailey   | Killed an orc knight
 10681 | Bailey   | Mangled by an orc knight

Illustrated notes

Levels and vault maps discovered:
D:1:      ldierk_walled_garden_2, layout_basic
D:2:      layout_rooms
D:3:      layout_basic, lemuel_doored_altar, chequers_ecumenical_altar_lobes
D:4:      kennysheep_kobold_camp, layout_layer_cave, marbit_many_paths,
          led_sif_book, uniq_pikel
D:5:      layout_basic, nicolae_dithmenos_shadow_blocks,
          grunt_temple_overflow_open, serial_shops, kennysheep_mini_moat,
          uniq_crazy_yiuf_cottage
D:6:      layout_gridville, roderic_roman_lattice
D:7:      layout_cave_pools, minmay_temple_entry_glass, serial_shops, shop,
          nicolae_shop_waterfront, shop_fountains
D:8:      layout_gridville, kennysheep_little_box,
          lemuel_mausoleum_altar_yredelemnul, enter_bailey_5, basic_altar
Temple:   eino_temple_lava
Bailey:   bailey_axe_minmay_hex_keep, bailey

Skill      XL: |  1  2  3  4  5  6  7  8  9 10 |
---------------+-------------------------------+-----
Stealth        | 1 2 4 6 7 9 11 | 11.8
Dodging        | 5 6 7 9 11 | 11.8
Fighting       | 3 4 5 |  5.0
Short Blades   | 4 5 6 7 8 9 |  9.3
Evocations     | 3 6 7 |  7.5

Action                   |  1- 3 |  4- 6 |  7- 9 | 10-12 || total
-------------------------+-------+-------+-------+-------++-------
Melee: Short sword       |   153 |    79 |    20 |       ||   252
       Dagger            |       |   125 |   439 |     4 ||   568
Invok: Berserk           |     4 |     4 |     3 |       ||    11
Evoke: Wand              |       |       |     7 |     5 ||    12
  Use: Scroll            |       |     2 |    13 |       ||    15
       Potion            |       |       |     2 |       ||     2
 Stab: Sleeping          |     2 |       |    22 |       ||    24
       Distracted        |       |     1 |       |       ||     1
Armor: Animal skin       |    15 |     6 |     5 |       ||    26
       Robe              |       |       |     9 |       ||     9
Dodge: Dodged            |   123 |   131 |   358 |     1 ||   613

Table legend: (Time is in decaauts)
 A = Elapsed time spent in this place.
 B = Non-inter-level travel time spent in this place.
 C = Inter-level travel time spent in this place.
 D = Time resting spent in this place.
 E = Time spent auto-exploring this place.
 F = Levels seen in this place.
 G = Mean time per level.
                   A        B        C        D        E       F      G
               +--------+--------+--------+--------+--------+-----+--------+
         Total |   8536 |   8358 |    178 |   3994 |   2888 |  10 |  853.6 |
       Dungeon |   7760 |   7586 |    174 |   3487 |   2859 |   8 |  970.0 |
        Temple |     34 |     31 |      3 |      0 |     29 |   1 |   34.0 |
        Bailey |    740 |    740 |      0 |    507 |      0 |   1 |  740.0 |
               +--------+--------+--------+--------+--------+-----+--------+

Top non-repeatable levels by time:
     D:4: 1846 daAuts
     D:3: 1672 daAuts
     D:2: 1105 daAuts
     D:1: 924 daAuts
     D:5: 900 daAuts
     D:6: 867 daAuts
  Bailey: 740 daAuts
     D:7: 395 daAuts
     D:8: 47 daAuts
  Temple: 34 daAuts
